 Dungeon Crawl Stone Soup version 0.22-a0-293-gc9362ec4a2 (webtiles) character file.

5529 Manul the Fighter (level 10, -3/82 HPs)
             Began as a Demonspawn Wanderer on Mar 24, 2018.
             Was an Initiate of Gozag.
             Slain by a death yak (18 damage)
             ... on level 10 of the Dungeon.
             The game lasted 00:15:13 (11888 turns).

Manul the Fighter (Demonspawn Wanderer)            Turns: 11888, Time: 00:15:14

Health: -3/82      AC: 12    Str: 18    XL:     10   Next: 43%
Magic:  11/11      EV: 18    Int: 15    God:    Gozag
Gold:   485        SH:  0    Dex: 18    Spells: 9/9 levels left

rFire    + + +     SeeInvis .   J - +3 war axe (freeze)
rCold    x . .     Gourm    .   (no shield)
rNeg     . . .     Faith    .   y - +1 robe of the Sun {+Blink rF+ Regen+ Str+3}
rPois    +         Spirit   .   H - +2 hat
rElec    .         Reflect  .   (no cloak)
rCorr    .         Harm     .   x - +0 pair of gloves "Ivokhled" {rF+++ rC- MR+ Str+2}
MR       +....                  (no boots)
Stlth    ++........             (no amulet)
HPRegen  0.63/turn              o - +4 ring of dexterity
MPRegen  0.12/turn              M - ring of poison resistance

@: sanguine armour
A: antennae 1, demonic guardian 1, powered by pain 1, sanguine armour 1
a: Potion Petition, Call Merchant, Bribe Branch, Renounce Religion, Evoke Blink


You were on level 10 of the Dungeon.
You worshipped Gozag.
Gozag was aware of your devotion.
You were not hungry.

You visited 1 branch of the dungeon, and saw 10 of its levels.
You also visited: Bailey.

You collected 2058 gold pieces.
You spent 780 gold pieces at shops.
You paid 793 gold pieces to Gozag.

Inventory:

Hand Weapons
 b - a +2 blowgun
 e - a +0 whip
 j - a +1 short sword of draining
 l - a +0 hand axe
 J - a +3 war axe of freezing (weapon)
Missiles
 a - 2 curare-tipped needles
 L - 8 needles of confusion
Armour
 d - a +0 ring mail
 x - the +0 pair of gloves "Ivokhled" (worn) {rF+++ rC- MR+ Str+2}
   (You acquired it on level 10 of the Dungeon)

   It affects your strength (+2).
   It renders you almost immune to fire.
   It makes you vulnerable to cold.
   It affects your resistance to hostile enchantments.
 y - the +1 robe of the Sun (worn) {+Blink rF+ Regen+ Str+3}
   (You found it on level 4 of the Dungeon)

   It affects your strength (+3).
   It protects you from fire.
   It lets you blink.
   It increases your rate of regeneration.
 H - a +2 hat (worn)
Jewellery
 o - a +4 ring of dexterity (left hand)
 C - an uncursed ring of protection from fire
 M - a ring of poison resistance (right hand)
Wands
 p - a wand of random effects (22)
 r - a wand of iceblast (14)
 K - a wand of paralysis (9)
Scrolls
 c - 4 scrolls of identify
 h - a scroll of amnesia {unknown}
 m - 6 scrolls of teleportation
 n - a scroll of magic mapping {unknown}
 q - a scroll of random uselessness {unknown}
 t - 4 scrolls of remove curse
 u - 4 scrolls of blinking
 A - a scroll of enchant weapon
 B - a scroll of noise {unknown}
 D - 2 scrolls of enchant armour {unknown}
 I - a scroll of immolation {unknown}
Potions
 g - 5 potions of curing
 i - 2 potions of heal wounds
 k - a potion of might {unknown}
 s - a potion of invisibility
 v - 2 potions of brilliance
 w - a potion of berserk rage
 z - a potion of magic
 E - a potion of mutation {unknown}
 F - a potion of agility {unknown}
 G - a potion of ambrosia {unknown}
Comestibles
 f - 9 rations


   Skills:
 + Level 8.9 Fighting
 - Level 0.1 Short Blades
 + Level 6.2(7.2) Axes
 + Level 5.4(6.7) Maces & Flails
 - Level 1.0 Throwing
 + Level 4.2 Armour
 + Level 7.8 Dodging
 - Level 1.0 Stealth
   Level 1.0 Shields
 + Level 1.4 Evocations


You had 9 spell levels left.
You didn't know any spells.

Dungeon Overview and Level Annotations

Branches:
Dungeon (10/15)            Temple (0/1) D:4            Lair (0/6) D:10
    Orc: D:9-12

Altars:
Ashenzari
Dithmenos
Elyvilon
Fedhas
Gozag
Hepliaklqana
Kikubaaqudgha
Nemelex Xobeh
Okawaru
Qazlal
Sif Muna
Wu Jian
The Shining One

Shops:
D:4 ?   D:6 ?   D:8 *   D:9 %


Innate Abilities, Weirdness & Mutations

You have a pair of small antennae on your head.
A weak demonic guardian rushes to your aid.
You sometimes gain a little power by taking damage.
When seriously injured, your bleeding wounds create armour. (AC +6)


Message History

You slash the death yak! You freeze the death yak.
The death yak gores you but does no damage. x2
You hit the death yak. You freeze the death yak.
The death yak is moderately wounded.
You hit the death yak. You freeze the death yak.
The death yak closely misses you.
You slash the death yak! You freeze the death yak.
The death yak is moderately wounded.
You hit the death yak. You freeze the death yak. The death yak gores you!
The death yak closely misses you.
You are too injured to fight recklessly!
The death yak misses you.
You are too injured to fight recklessly!
You slash the death yak! You freeze the death yak.
The death yak is moderately wounded.
You slash the death yak! You freeze the death yak. The death yak gores you!!
* * * LOW HITPOINT WARNING * * *
The death yak gores you!!
You die...
Your body crumbles into a pile of gold.

.# .## #####.. .<.... ....# #...#
#...# .# #@5.# #.# #YY.# #.#
#Y$.# #.# #.(.#
#.#############...##############
##...............................
..................(..............
..............>..................
##...#............)............##


You could see 3 death yaks and a friendly ufetubus.

Vanquished Creatures
  A komodo dragon (D:9)
  The ghost of ciphuk the Quickloader, a novice KoHu (D:6)
  Sigmund (D:5)
  4 yaks
  A human (D:9)
  3 hogs (D:9)
  2 water moccasins
  An orc warrior (D:6)
  A phantom (D:9)
  2 black bears
  2 sky beasts
  7 centaurs
  4 ogres
  2 big kobolds
  A gnoll sergeant (D:9)
  3 bullfrogs
  2 scorpions
  2 water moccasin skeletons
  4 jellies
  3 killer bees (D:9)
  2 wights (D:6)
  2 crimson imps
  2 bullfrog zombies
  6 hounds
  A centaur skeleton (D:9)
  3 orc priests
  Jessica (D:3)
  Ijyb (D:3)
  An iguana (D:8)
  6 orc wizards
  6 worker ants
  2 hound skeletons
  2 worker ant zombies
  6 gnolls
  9 adders
  4 shadow imps
  An ooze (D:1)
  2 adder skeletons
  A worm (D:2)
  A dart slug (D:1)
  6 leopard geckos
  24 orcs
  8 giant cockroaches
  7 goblins
  5 hobgoblins
  16 jackals
  13 kobolds
  7 quokkas
  13 bats
  4 frilled lizards
  2 leopard gecko skeletons
  A quokka zombie (D:7)
  7 rats
219 creatures vanquished.

Vanquished Creatures (collateral kills)
  A yak (D:10)
  A phantom (D:8)
  An ogre (D:8)
  A bullfrog (D:7)
  Natasha (D:2)
  2 orc wizards (D:7)
  2 gnolls (D:9)
  2 orcs (D:7)
  3 kobolds
14 creatures vanquished.

Vanquished Creatures (others)
  An orc wizard (D:6)
  A quokka (D:8)
2 creatures vanquished.

Grand Total: 235 creatures vanquished

Notes
Turn   | Place    | Note
-------+----------+-------------------------------------------
     0 | D:1      | Manul the Demonspawn Wanderer began the quest for the Orb.
     0 | D:1      | Manul set off with: 3 curare-tipped needles, a +2 blowgun, a +0 spear, a +0 ring mail, a ration
     0 | D:1      | Reached XP level 1. HP: 18/18 MP: 1/1
   400 | D:1      | Gained mutation: You sometimes gain a little power by taking damage. [demonic ancestry]
   400 | D:1      | Reached XP level 2. HP: 21/24 MP: 2/2
   898 | D:1      | Reached XP level 3. HP: 25/29 MP: 3/3
  1470 | D:2      | Found an opulent altar of Gozag.
  1523 | D:2      | Became a worshipper of Gozag Ym Sagoz the Greedy
  1608 | D:2      | Noticed Natasha
  1710 | D:3      | Reached skill level 1 in Maces & Flails
  1777 | D:3      | Noticed Ijyb
  1789 | D:3      | Killed Ijyb
  1789 | D:3      | Gained mutation: You have a pair of small antennae on your head. [demonic ancestry]
  1789 | D:3      | Reached XP level 4. HP: 34/37 MP: 4/4
  1934 | D:3      | Reached XP level 5. HP: 18/42 MP: 5/5
  2465 | D:3      | Noticed Jessica
  2478 | D:3      | Killed Jessica
  2478 | D:3      | Reached skill level 4 in Fighting
  3301 | D:2      | Gained mutation: A weak demonic guardian rushes to your aid. [demonic ancestry]
  3301 | D:2      | Reached XP level 6. HP: 33/48 MP: 6/6
  3527 | D:2      | Killed Natasha
  4489 | D:4      | Found a staircase to the Ecumenical Temple.
  4540 | D:4      | Got a shimmering robe
  4551 | D:4      | Identified the +1 robe of the Sun {+Blink rF+ Regen+ Str+3} (You found it on level 4 of the Dungeon)
  4873 | D:4      | Found Ewourilu's Magic Scroll Shop.
  5009 | D:5      | Entered Level 5 of the Dungeon
  5054 | D:5      | Found a sparkling altar of Nemelex Xobeh.
  5076 | D:5      | Found an ornate altar of the Wu Jian Council.
  5104 | D:5      | Found a shadowy altar of Dithmenos.
  5116 | D:5      | Noticed Sigmund
  5130 | D:5      | Killed Sigmund
  5130 | D:5      | Reached XP level 7. HP: 53/55 MP: 7/7
  5268 | D:5      | Found a shadowy altar of Dithmenos.
  5328 | D:5      | HP: 1/55 [acid (10)]
  5972 | D:5      | Found a hazy altar of Hepliaklqana.
  6006 | D:5      | Found a stormy altar of Qazlal.
  6566 | D:6      | Found a glowing golden altar of the Shining One.
  6717 | D:6      | Found Xul Ciup's Book Boutique.
  6729 | D:6      | Noticed ciphuk's ghost (novice KoHu)
  6753 | D:6      | Killed ciphuk's ghost
  6753 | D:6      | Reached skill level 5 in Fighting
  6753 | D:6      | Reached XP level 8. HP: 51/62 MP: 8/8
  6923 | D:6      | Reached skill level 5 in Maces & Flails
  7077 | D:6      | Found a deep blue altar of Sif Muna.
  7446 | D:6      | Reached skill level 1 in Evocations
  7677 | D:6      | Reached skill level 6 in Fighting
  7677 | D:6      | Reached skill level 5 in Dodging
  7791 | D:7      | Found a hazy altar of Hepliaklqana.
  8535 | D:7      | Reached XP level 9. HP: 71/71 MP: 9/9
  8601 | D:7      | Reached skill level 7 in Fighting
  8729 | D:7      | Found a blossoming altar of Fedhas.
  8864 | D:8      | Found a flagged portal.
  9008 | D:8      | Found a white marble altar of Elyvilon.
  9157 | Bailey   | Entered a bailey
  9167 | Bailey   | Noticed an orc knight
  9265 | D:8      | Found a shattered altar of Ashenzari.
  9368 | D:8      | Found an iron altar of Okawaru.
  9485 | D:8      | Found Fogau's General Store.
  9631 | D:9      | Reached skill level 1 in Axes
  9726 | D:9      | Found Dehoceh's Food Shoppe.
  9799 | D:9      | Reached skill level 8 in Fighting
 10437 | D:9      | Noticed a komodo dragon
 10453 | D:9      | Killed a komodo dragon
 10453 | D:9      | Gained mutation: When seriously injured, your bleeding wounds create armour. (AC +6) [demonic ancestry]
 10453 | D:9      | Reached XP level 10. HP: 21/82 MP: 10/10
 10907 | D:6      | Bought a scroll of acquirement for 780 gold pieces
 11070 | D:9      | Reached skill level 5 in Axes
 11173 | D:9      | Found an ancient bone altar of Kikubaaqudgha.
 11244 | D:10     | Entered Level 10 of the Dungeon
 11305 | D:10     | Noticed a death yak
 11306 | D:10     | Noticed a death yak
 11310 | D:10     | Noticed a death yak
 11798 | D:10     | Got a pair of scorched gloves
 11804 | D:10     | Identified the +0 pair of gloves "Ivokhled" {rF+++ rC- MR+ Str+2} (You acquired it on level 10 of the Dungeon)
 11845 | D:10     | Found a staircase to the Lair.
 11888 | D:10     | Slain by a death yak

Vault maps used:
D:1:      eino_arrival_cavern_d, minivault_4, dk_noncrumbling_3
D:2:      nicolae_gozag_seed_capital, minmay_misc_feat_tower,
          grunt_decor_resistance, uniq_natasha
D:3:      uniq_jessica, uniq_ijyb
D:4:      minmay_temple_entry_grid, serial_shops, shop
D:5:      nemelex_xobeh_ov_fountains_minmay, nicolae_overflow_quartered_altars,
          basic_altar, first_ration, uniq_sigmund
D:6:      kennysheep_orc_sif_temple, tso_altar, serial_shops,
          nicolae_shop_trees, hangedman_decor_riveting
D:7:      lemuel_crystal_altar, basic_altar
D:8:      elyvilon_altar_4, overflow_temple_1_default, kennysheep_little_box,
          serial_shops, shop, enter_bailey_2, minmay_misc_feat_five
D:9:      kiku_gazebo_garden_becter, serial_shops, nicolae_shop_waterfront,
          grunt_livestock, grunt_ministairs_3, minivault_23
D:10:     dpeg_lair_monsters
Bailey:   bailey_axe_4, bailey

Skill      XL: |  1  2  3  4  5  6  7  8  9 10 |
---------------+-------------------------------+-----
Armour         | 2 3 4 |  4.2
Dodging        | 2 3 4 6 7 |  7.8
Maces & Flails | 1 2 3 4 5 |  5.4
Fighting       | 4 5 6 8 |  8.9
Evocations     | 1 |  1.4
Axes           | 4 6 |  6.2
Short Blades   | |  0.1
Throwing       | |  1.0
Stealth        | |  1.0
Shields        | |  1.0

Action                   |  1- 3 |  4- 6 |  7- 9 | 10-12 || total
-------------------------+-------+-------+-------+-------++-------
Melee: Spear             |    26 |       |       |       ||    26
       Whip              |   141 |   276 |    45 |       ||   462
       Short sword       |       |       |   472 |       ||   472
       War axe           |       |       |   116 |   103 ||   219
 Fire: Blowgun           |     1 |     6 |       |       ||     7
Throw: Throwing net      |       |     5 |       |       ||     5
Invok: Call Merchant     |       |       |     1 |       ||     1
 Abil: Evoke Blink       |       |       |     1 |     3 ||     4
Evoke: Wand              |       |       |     1 |       ||     1
  Use: Potion            |     3 |     1 |       |       ||     4
       Scroll            |       |     9 |     3 |     3 ||    15
 Stab: Sleeping          |     2 |     1 |    13 |     1 ||    17
       Distracted        |       |     2 |     7 |       ||     9
       Held in net/web   |       |     1 |       |       ||     1
  Eat: Chunk             |     3 |       |       |       ||     3
       Ration            |       |     3 |     6 |     1 ||    10
Armor: Ring mail         |    75 |    69 |       |       ||   144
       Robe              |       |    13 |    92 |    22 ||   127
Dodge: Dodged            |   128 |   215 |   524 |   123 ||   990

Table legend:
 A = Spawn XP
 B = Non-spawn XP
 C = Spawn XP percentage of total XP
 D = Spawn monster count
 E = Non-spawn monster count
 F = Spawn count percentage of total count
 G = Total turns spent on level
                    A         B        C        D         E        F      G
               +---------+---------+-------+---------+---------+-------+---------
         Total |       0 |    7899 |   0.0 |       0 |     233 |   0.0 | 11888
               +---------+---------+-------+---------+---------+-------+---------
           D:1 |       0 |      61 |   0.0 |       0 |      27 |   0.0 |  1323
           D:2 |       0 |     141 |   0.0 |       0 |      22 |   0.0 |  1579
           D:3 |       0 |     223 |   0.0 |       0 |      30 |   0.0 |  1093
           D:4 |       0 |     175 |   0.0 |       0 |      10 |   0.0 |  1014
           D:5 |       0 |     509 |   0.0 |       0 |      16 |   0.0 |  1355
           D:6 |       0 |    1059 |   0.0 |       0 |      26 |   0.0 |  1509
           D:7 |       0 |     934 |   0.0 |       0 |      29 |   0.0 |  1048
           D:8 |       0 |     762 |   0.0 |       0 |      18 |   0.0 |  1005
           D:9 |       0 |    2832 |   0.0 |       0 |      38 |   0.0 |  1302
          D:10 |       0 |    1203 |   0.0 |       0 |      17 |   0.0 |   644
               +---------+---------+-------+---------+---------+-------+---------
